 Dungeon Crawl Stone Soup version 0.27.1-3-gb3d3a73c9e (webtiles) character file.

Game seed: 661781847847019802

353 Araneus the Cudgeller (level 6, -10/47 HPs)
             Began as a Demonspawn Fighter on Oct 15, 2021.
             Mangled by an ogre (29 damage)
             ... on level 4 of the Dungeon.
             The game lasted 00:06:10 (4885 turns).

Araneus the Cudgeller (Demonspawn Fighter)          Turns: 4885, Time: 00:06:10

Health: -10/47     AC:  6    Str: 18      XL:     6   Next: 35%
Magic:  6/6        EV:  7    Int:  9      God:
Gold:   115        SH:  8    Dex: 11 (13) Spells: 5/5 levels left

rFire    . . .     SeeInvis .   a - +0 flail
rCold    . . .     Faith    .   c - +0 kite shield
rNeg     . . .     Spirit   .   b - +0 scale mail
rPois    .         Reflect  .   (no helmet)
rElec    .         Harm     .   (no cloak)
rCorr    .         Rampage  .   (no gloves)
Will     .....                  (no boots)
Stlth    ..........             (no amulet)
HPRegen  0.15/turn              (no ring)
MPRegen  0.10/turn              (no ring)

@: no status effects
A: demonic guardian 1, demonic magic 1
a: no special abilities


You were on level 4 of the Dungeon.
You visited 1 branch of the dungeon, and saw 4 of its levels.

You collected 115 gold pieces.

Inventory:

Hand Weapons
 a - a +0 flail (weapon)
Armour
 b - a +0 scale mail (worn)
 c - a +0 kite shield (worn)
Scrolls
 f - 7 scrolls of identify {unknown}
 g - 2 scrolls of fear {unknown}
 j - 2 scrolls of magic mapping {unknown}
 k - 3 scrolls of fog {unknown}
 m - a scroll of torment {unknown}
Potions
 d - a potion of flight {unknown}


   Skills:
 - Level 3.0 Fighting
 + Level 6.2 Maces & Flails
 - Level 2.6 Armour
 + Level 2.7 Shields


You had 5 spell levels left.
You didn't know any spells.
Your spell library contained the following spells:

 Spells                   Type           Power      Damage    Failure   Level
 Foxfire                  Conj/Fire      0%         2x1d4     99%         1
 Conjure Flame            Conj/Fire      0%         6-21      100%        3
 Inner Flame              Hex/Fire       0%         N/A       100%        3


Dungeon Overview and Level Annotations

Branches:
Dungeon (4/15)
 Temple: D:4-7

Altars:
Hepliaklqana


Innate Abilities, Weirdness & Mutations

A weak demonic guardian rushes to your aid.
Spells you cast may paralyse adjacent enemies.


Message History

The adder bites you but does no damage. You block the adder's attack.
You closely miss the adder.
The adder is almost dead.
The adder closely misses you.
Your shield prevents you from hitting the adder.
The adder is almost dead.
You block the adder's attack. x2
You sock the adder!
You kill the adder!
The orc hits you but does no damage.
You closely miss the orc. The orc hits you with a +0 dagger.
You hit the orc.
The orc is heavily wounded.
The orc hits you but does no damage.
You barely miss the orc.
The orc is heavily wounded.
The orc hits you with a +0 dagger. You block the orc's attack.
You sock the orc!
You kill the orc!
You hit the ogre.
The ogre is lightly wounded.
You block the ogre's attack.
You barely miss the ogre.
The ogre is lightly wounded.
You block the ogre's attack.
You hit the ogre.
The ogre is moderately wounded.
The ogre hits you with a +0 giant club.
You sock the ogre!
The ogre is severely wounded.
The ogre barely misses you.
Your shield prevents you from hitting the ogre.
The ogre is severely wounded.
The ogre hits you with a +0 giant club!
You are too injured to fight recklessly!
You hit the ogre.
The ogre is almost dead.
The ogre hits you with a +0 giant club!!
Ouch! That really hurt!
You die...

#.# #>##########.#.
#.# #.#............
#.# #.#.#.....#...#
#.# #.#.#.#..######
#.# #.......# # #.#
#........ O. #.#
#.....# .#
##.###.....# ..
#..@Owg....# g#
#######....###..#.##
#......†......
#...........#.
#.......#.#.#
#...#.#..# #
###.#.#### ..#.#
.....#


You could see an ogre, a gnoll and a dart slug.

Vanquished Creatures
  A hound (D:4)
  2 iguanas (D:4)
  An orc wizard (D:4)
  A hound skeleton (D:3)
  2 adders
  3 worms
  4 dart slugs
  5 orcs (D:4)
  6 ball pythons
  10 endoplasms
  4 giant cockroaches
  5 goblins
  3 hobgoblins
  5 jackals (D:4)
  2 quokkas (D:3)
  11 bats
  2 frilled lizards
  8 kobolds
  5 rats (D:1)
80 creatures vanquished.

Vanquished Creatures (collateral kills)
  A bullfrog (D:4)
  A bullfrog skeleton (D:4)
  An iguana (D:4)
  An adder (D:3)
  A worm (D:3)
  An orc (D:4)
  A rat (D:2)
7 creatures vanquished.

Grand Total: 87 creatures vanquished

Notes
Turn   | Place    | Note
-------+----------+-------------------------------------------
     0 | D:1      | Araneus the Demonspawn Fighter began the quest for the Orb.
     0 | D:1      | Reached XP level 1. HP: 18/18 MP: 1/1
    87 | D:1      | Reached skill level 2 in Maces & Flails
   315 | D:1      | Gained mutation: A weak demonic guardian rushes to your
                  | aid. [demonic ancestry]
   315 | D:1      | Reached XP level 2. HP: 24/24 MP: 2/2
   596 | D:1      | Reached skill level 3 in Maces & Flails
   797 | D:1      | Reached XP level 3. HP: 29/29 MP: 3/3
  1589 | D:2      | Found a faded altar of an unknown god.
  1590 | D:2      | Noticed a great orb of eyes
  1592 | D:2      | Noticed a golden eye
  1592 | D:2      | Noticed a golden eye
  1592 | D:2      | Noticed a golden eye
  1854 | D:2      | Reached XP level 4. HP: 35/35 MP: 4/4
  1855 | D:2      | Reached skill level 4 in Maces & Flails
  2263 | D:3      | Found a hazy altar of Hepliaklqana.
  3544 | D:4      | Gained mutation: Spells you cast may paralyse adjacent
                  | enemies. [demonic ancestry]
  3544 | D:4      | Reached XP level 5. HP: 41/41 MP: 5/5
  3564 | D:4      | Reached skill level 5 in Maces & Flails
  3937 | D:4      | HP: 3/61 [orc (5)]
  4304 | D:4      | Reached XP level 6. HP: 18/47 MP: 6/6
  4604 | D:4      | Reached skill level 6 in Maces & Flails
  4885 | D:4      | Mangled by an ogre

Illustrated notes

Levels and vault maps discovered:
D:1:      ebering_hopf_link, layout_loops_corners, grunt_decor_cap
D:2:      layout_loops_corners, hellmonk_ecumenical_altar_watching_god
D:3:      layout_loops_ring, mainiacjoe_overflow_paths
D:4:      layout_basic, minmay_ruined_shrine

Skill      XL: |  1  2  3  4  5  6 |
---------------+-------------------+-----
Maces & Flails | 2 3 4 5 6 |  6.2
Fighting       | |  3.0
Armour         | |  2.6
Shields        | |  2.7

Action                   |  1- 3 |  4- 6 || total
-------------------------+-------+-------++-------
Melee: Flail             |   151 |   168 ||   319
  Use: Potion            |       |     8 ||     8
Armor: Scale mail        |    85 |    78 ||   163
       Skin              |       |    16 ||    16
Dodge: Dodged            |    52 |    54 ||   106
Block: Kite shield       |    72 |    89 ||   161
